 Dungeon Crawl Stone Soup version 0.17-a0-737-gf0a300a (webtiles) character file.

38 Kisielow the Caller (level 3, -2/19 HPs)
             Began as a Deep Elf Summoner on Apr 27, 2015.
             Engulfed by a cloud of flame (21 damage)
             ... on level 2 of the Dungeon.
             The game lasted 00:09:01 (2547 turns).

Kisielow the Caller (Deep Elf Summoner)             Turns: 2547, Time: 00:09:01

Health: -2/19      AC:  6    Str:  5    XL:     3   Next: 25%
Magic:  10/10      EV: 13    Int: 20    God:
Gold:   92         SH:  0    Dex: 15    Spells: 3 memorised, 4 levels left

rFire  . . .     SeeInvis .     (no weapon)
rCold  . . .     Clarity  .     a - +1 robe
rNeg   . . .     SustAb   .     (no shield)
rPois  .         Gourm    .     (no helmet)
rElec  .         Spirit   .     (no cloak)
rCorr  .         Warding  .     (no gloves)
rMut   .         Stasis   .     (no boots)
MR     .....                    (no amulet)
Stlth  ++........               v - +3 ring of protection
                                q - ring of wizardry

@: very slightly contaminated, not resistant to hostile enchantments, unstealthy
A: no striking features
a: no special abilities


You were on level 2 of the Dungeon.
You were very hungry.

You visited 1 branch of the dungeon, and saw 2 of its levels.

You collected 92 gold pieces.

Inventory:

Armour
 a - a +1 robe (worn)
Jewellery
 q - a ring of wizardry (left hand)
 u - an uncursed ring of positive energy
 v - a +3 ring of protection (right hand)
Scrolls
 e - 2 scrolls of remove curse
 o - a scroll of enchant armour
Potions
 d - a potion of agility {unknown}
 g - a potion of mutation {unknown}
 h - 4 potions of curing
 m - a potion of ambrosia {unknown}
 n - a potion of might {unknown}
 p - a potion of lignification {unknown}
 t - a potion of resistance {unknown}
Books
 b - a book of Callings

   Spells                             Type                      Level
   a - Summon Small Mammal            Summoning                    1
   b - Call Imp                       Summoning                    2
   c - Call Canine Familiar           Summoning                    3
   d - Summon Guardian Golem          Hexes/Summoning              3
   e - Summon Lightning Spire         Summoning/Air                4
   f - Summon Ice Beast               Ice/Summoning                4
Comestibles
 c - 3 bread rations
 f - a royal jelly
 i - 5 fruits


   Skills:
 - Level 2.4 Dodging
 - Level 2.4 Stealth
 * Level 4.3 Spellcasting
 - Level 5.0 Summonings


You had 4 spell levels left.
You knew the following spells:

 Your Spells              Type           Power        Failure   Level  Hunger
a - Summon Small Mammal   Summ           ###.         1%          1    None
b - Call Imp              Summ           ###.....     1%          2    #......
c - Summon Guardian Gole  Hex/Summ       ##......     6%          3    ###....


Dungeon Overview and Level Annotations

Branches:
Dungeon (2/15)

Altars:
Dithmenos
Trog


Message History

Okay, then.
u - a ring of positive energy (right hand) Read which item? (? for menu, Esc to quit)
Okay, then.
You're wearing all the rings you can.
Remove which one? (? for menu, Esc to cancel) < or
q - a ring of wizardry; > or
u - a ring of positive energy You remove your ring of positive energy.
v - a +3 ring of protection (right hand) Really walk into a travel-excluded area?
Okay, then.
You see here a club.
You see here a ring mail.
Really walk into a travel-excluded area?
Really walk into that cloud of flame? [Y]es or [N]o only, please.
Really walk into that cloud of flame?
You are engulfed in roaring flames.
Ouch! That really hurt!
You die...

#.###### #§§§# #..####### #.#
#§§§# #......... #.### #§§§#
##.......# ## #...#
######...######.......##
.###...#
#.§§§..(..§§§.#..#....##
.+.#...#
#.§§§..[).§§§........(..
.#.#.###
#.§§§.)...§.§....##.#.## ##.#.##
######...######..##.#.# ......#
#§@§# #..##.#.# ###...#####
#§§§# #.....#.# ......'...#
#§§§# #..####.#
##....#########...#### #...[.#.#
.#....# #.........# #.....#.#
.#.#########.........#
#.#####.## .#.#
#...'<...########.# #....
##.#####.###.............#
##§###
#.........#.....######..###§§.#.


There were no monsters in sight!

Vanquished Creatures (collateral kills)
  2 adders (D:2)
  An ooze (D:1)
  3 worms (D:2)
  7 bats
  6 goblins
  3 hobgoblins (D:1)
  A giant newt (D:1)
  3 jackals (D:1)
  3 kobolds
  6 rats
35 creatures vanquished.

Vanquished Creatures (others)
  2 crimson imps (D:2)
  A giant cockroach (D:2)
  6 quokkas
  2 bats
  A rat (D:1)
12 creatures vanquished.

Grand Total: 47 creatures vanquished

Notes
Turn   | Place    | Note
--------------------------------------------------------------
     0 | D:1      | Kisielow, the Deep Elf Summoner, began the quest for the Orb.
     0 | D:1      | Reached XP level 1. HP: 10/10 MP: 6/6
   481 | D:1      | Reached XP level 2. HP: 15/15 MP: 0/8
   493 | D:1      | Reached skill level 5 in Summonings
   513 | D:1      | Learned a level 2 spell: Call Imp
  1706 | D:2      | Found a shadowy altar of Dithmenos.
  1844 | D:2      | Reached XP level 3. HP: 19/19 MP: 5/10
  1862 | D:2      | Noticed a moth of wrath
  1865 | D:2      | Found a bloodstained altar of Trog.
  2345 | D:2      | Learned a level 3 spell: Summon Guardian Golem
  2547 | D:2      | Engulfed by a cloud of flame

Action                   || total
-------------------------++-------
 Cast: Summon Small Mamm ||    35
       Call Imp          ||    33
       Summon Guardian G ||     4
  Use: Scroll            ||     7
  Eat: Chunk             ||     5
